[ PARTIDA AOE2 · #481204930 ]
UnrankedTeutones vs Burmese
[ ANÁLISIS DE REPETICIÓN · EXTRAÍDO DE LA PARTIDA GRABADA ]
Feudal
12:53
Castillos
17:42
Imperial
35:20
| APM promedio | 18.4 |
| APM pico | 102 |
| eAPM promedio | 13.8 |
| Aldeanos / militares | 125 / 313 |
Foco
⚔️ 26.2% · 🌾 73.8%
Knight ×187 · Teutonic Knight ×122 · Trade Cart ×8 · Trebuchet (Packed) ×4
Feudal
10:07
Castillos
19:55
Imperial
36:36
| APM promedio | 32.9 |
| APM pico | 101 |
| eAPM promedio | 21.4 |
| Aldeanos / militares | 199 / 393 |
Foco
⚔️ 27.5% · 🌾 72.5%
Militia ×213 · Skirmisher ×98 · Battle Elephant ×61 · Arambai ×11 · Trebuchet (Packed) ×8 · Monk ×2
Feudal
13:46
Castillos
17:59
Imperial
34:33
| APM promedio | 20.7 |
| APM pico | 60 |
| eAPM promedio | 11.0 |
| Aldeanos / militares | 126 / 281 |
Foco
⚔️ 30.2% · 🌾 69.8%
Archer ×210 · Longbowman ×71
Feudal
11:08
Castillos
14:54
Imperial
34:35
| APM promedio | 38.6 |
| APM pico | 80 |
| eAPM promedio | 20.2 |
| Aldeanos / militares | 113 / 270 |
Foco
⚔️ 26.9% · 🌾 73.1%
Spearman ×131 · Archer ×91 · Scorpion ×32 · Battering Ram ×5 · Shotel Warrior ×5 · Trebuchet (Packed) ×3
Feudal
11:07
Castillos
20:34
Imperial
35:38
| APM promedio | 17.6 |
| APM pico | 47 |
| eAPM promedio | 13.3 |
| Aldeanos / militares | 113 / 326 |
Foco
⚔️ 34.1% · 🌾 65.9%
Skirmisher ×159 · Huskarl ×103 · Spearman ×48 · Bombard Cannon ×10 · Trade Cart ×6 · Hand Cannoneer ×5
Feudal
11:11
Castillos
16:46
Imperial
46:00
| APM promedio | 24.5 |
| APM pico | 71 |
| eAPM promedio | 12.3 |
| Aldeanos / militares | 123 / 30 |
Foco
⚔️ 33.8% · 🌾 66.2%
Unknown (1952) ×93 · Scorpion ×21 · Mangonel ×5 · Battering Ram ×4
Feudal
—
Castillos
—
Imperial
—
| APM promedio | 20.4 |
| APM pico | 66 |
| eAPM promedio | 11.9 |
| Aldeanos / militares | 65 / 280 |
Foco
⚔️ 39.3% · 🌾 60.7%
Spearman ×202 · Archer ×49 · Longbowman ×22 · Mangonel ×3 · Militia ×2 · Monk ×1
Feudal
14:43
Castillos
20:43
Imperial
35:44
| APM promedio | 17.0 |
| APM pico | 38 |
| eAPM promedio | 11.6 |
| Aldeanos / militares | 108 / 248 |
Foco
⚔️ 37.8% · 🌾 62.2%
Skirmisher ×124 · Scout Cavalry ×119 · Trade Cart ×8 · Spearman ×3 · Arambai ×1 · Trebuchet (Packed) ×1
Mapa de la partida
Recursos iniciales + cada clic de construcción. Líneas = muros · curvas = relieve. ◆ oro · ⬟ piedra · ● bayas · ✦ reliquia · ◌ hueco del cierre
Tu base· ✓ Cerrada en 17:42 · 9t muro · 1 puerta(s)
Base de ramorez· ✓ Cerrada en 19:55 · 13t muro · 1 puerta(s)
Base de NouShty· ✓ Cerrada en 17:59 · 12t muro · 1 puerta(s)
Base de Go up!· ✓ Cerrada en 14:54 · 0t muro · 1 puerta(s)
Base de AtillA_61· ✓ Cerrada en 20:34 · 14t muro · 1 puerta(s)
Base de 123· ✓ Cerrada en 16:46 · 8t muro · 1 puerta(s)
Base de dfsdfsdaa3· ✓ Cerrada en 15:22 · 16t muro · 1 puerta(s)
Base de mnich_bor· ✓ Cerrada en 20:43 · 11t muro · 1 puerta(s)
Terreno inicial suavizado · ◌ = hueco del cierre detectado · pasá el cursor para detalles
Inputs por minuto
— viperembobym - - ramorez
Build order — viperembobym
Primeras 150 de 355 acciones detectadas
| 0:03 | Construir | House |
| 0:05 | Construir | House |
| 0:07 | Crear | Villager (Male) ×4 |
| 1:14 | Crear | Villager (Male) |
| 1:14 | Crear | Villager (Male) |
| 1:57 | Crear | Villager (Male) |
| 2:35 | Crear | Villager (Male) |
| 2:59 | Crear | Villager (Male) |
| 3:09 | Construir | House |
| 3:10 | Construir | House |
| 3:16 | Construir | Palisade Wall |
| 3:27 | Crear | Villager (Male) |
| 3:44 | Crear | Villager (Male) |
| 4:48 | Crear | Villager (Male) |
| 4:48 | Crear | Villager (Male) |
| 4:49 | Crear | Villager (Male) |
| 4:49 | Crear | Villager (Male) |
| 5:06 | Crear | Villager (Male) |
| 5:26 | Crear | Villager (Male) |
| 5:47 | Crear | Villager (Male) |
| 6:11 | Construir | Mill |
| 6:42 | Crear | Villager (Male) |
| 6:43 | Crear | Villager (Male) |
| 6:43 | Crear | Villager (Male) |
| 7:30 | Construir | Lumber Camp |
| 7:39 | Crear | Villager (Male) |
| 7:40 | Crear | Villager (Male) |
| 8:11 | Crear | Villager (Male) |
| 8:13 | Crear | Villager (Male) |
| 8:34 | Crear | Villager (Male) |
| 8:48 | Construir | House |
| 8:52 | Construir | Palisade Gate |
| 10:02 | Construir | Mining Camp |
| 10:43 | Investigar | Feudal Age |
| 10:43 | Investigar | Feudal Age |
| 11:08 | Construir | Farm |
| 11:08 | Construir | Farm |
| 11:09 | Construir | Farm |
| 11:10 | Construir | Farm |
| 11:12 | Construir | Farm |
| 11:13 | Construir | Farm |
| 11:14 | Construir | Farm |
| 11:15 | Construir | Farm |
| 11:39 | Crear | Villager (Male) |
| 11:39 | Crear | Villager (Male) |
| 11:43 | Crear | Villager (Male) |
| 12:16 | Construir | House |
| 12:53 | Edad | Edad Feudal |
| 12:55 | Investigar | Loom |
| 13:04 | Construir | Blacksmith |
| 13:07 | Construir | Market |
| 13:29 | Construir | Barracks |
| 14:16 | Construir | Farm |
| 15:02 | Investigar | Castle Age |
| 15:38 | Construir | Stable |
| 15:43 | Investigar | Horse Collar |
| 15:46 | Investigar | Double-Bit Axe |
| 16:23 | Crear | Villager (Male) |
| 16:24 | Crear | Villager (Male) |
| 16:26 | Crear | Villager (Male) |
| 17:13 | Investigar | Wheelbarrow |
| 17:42 | Edad | Edad de los Castillos |
| 17:44 | Crear | Knight ×3 |
| 17:52 | Construir | Town Center |
| 18:02 | Construir | Town Center |
| 18:08 | Crear | Knight |
| 18:27 | Crear | Villager (Male) |
| 18:35 | Construir | House |
| 18:36 | Construir | House |
| 18:52 | Investigar | Scale Barding Armor |
| 19:01 | Construir | Farm |
| 19:12 | Crear | Villager (Male) |
| 19:21 | Construir | House |
| 19:22 | Construir | House |
| 19:25 | Construir | House |
| 19:26 | Construir | House |
| 19:27 | Construir | House |
| 19:38 | Crear | Villager (Male) |
| 19:52 | Crear | Knight |
| 20:28 | Investigar | Gold Mining |
| 20:31 | Crear | Villager (Male) |
| 20:31 | Crear | Villager (Male) |
| 20:31 | Crear | Villager (Male) |
| 20:51 | Construir | Farm |
| 20:52 | Crear | Villager (Male) |
| 20:53 | Crear | Villager (Male) |
| 20:54 | Crear | Villager (Male) |
| 20:54 | Crear | Villager (Male) |
| 20:55 | Crear | Villager (Male) |
| 21:22 | Crear | Knight |
| 21:25 | Construir | Farm |
| 21:26 | Crear | Villager (Male) |
| 21:27 | Crear | Villager (Male) |
| 21:41 | Construir | Farm |
| 22:00 | Crear | Knight |
| 22:10 | Crear | Villager (Male) |
| 22:11 | Crear | Villager (Male) |
| 22:44 | Crear | Villager (Male) |
| 22:44 | Crear | Villager (Male) |
| 22:45 | Crear | Villager (Male) |
| 22:46 | Crear | Villager (Male) |
| 22:57 | Construir | House |
| 22:57 | Construir | House |
| 22:58 | Construir | House |
| 23:00 | Crear | Villager (Male) |
| 23:00 | Crear | Villager (Male) |
| 23:06 | Construir | Farm |
| 23:09 | Construir | Farm |
| 23:10 | Construir | Farm |
| 23:12 | Construir | Farm |
| 23:15 | Construir | Farm |
| 23:17 | Construir | Farm |
| 23:17 | Crear | Villager (Male) |
| 23:17 | Crear | Villager (Male) |
| 23:30 | Crear | Villager (Male) |
| 23:42 | Construir | Farm |
| 23:45 | Crear | Villager (Male) |
| 23:45 | Crear | Villager (Male) |
| 23:55 | Construir | Lumber Camp |
| 24:04 | Crear | Villager (Male) |
| 24:07 | Construir | Farm |
| 24:33 | Construir | Farm |
| 24:36 | Crear | Villager (Male) |
| 24:37 | Crear | Villager (Male) |
| 24:37 | Crear | Villager (Male) |
| 24:38 | Crear | Villager (Male) |
| 24:45 | Construir | Stable |
| 24:51 | Crear | Villager (Male) |
| 24:51 | Crear | Villager (Male) |
| 24:59 | Construir | Farm |
| 25:18 | Investigar | Stone Mining |
| 25:25 | Construir | Farm |
| 25:28 | Investigar | Bow Saw |
| 25:31 | Crear | Villager (Male) |
| 25:32 | Crear | Villager (Male) |
| 25:49 | Crear | Villager (Male) |
| 25:49 | Crear | Villager (Male) |
| 25:49 | Crear | Villager (Male) |
| 25:56 | Construir | Farm |
| 26:01 | Construir | Farm |
| 26:07 | Construir | Stable |
| 26:09 | Crear | Villager (Male) |
| 26:10 | Crear | Villager (Male) |
| 26:12 | Crear | Villager (Male) |
| 26:12 | Crear | Villager (Male) |
| 26:17 | Construir | Farm |
| 26:22 | Construir | Farm |
| 26:26 | Crear | Villager (Male) |
| 26:35 | Crear | Villager (Male) |
| 26:35 | Crear | Villager (Male) |
Build order — ramorez
Primeras 150 de 571 acciones detectadas
| 0:01 | Crear | Villager (Male) |
| 0:01 | Crear | Villager (Male) |
| 0:03 | Construir | House |
| 0:04 | Construir | House |
| 0:05 | Crear | Villager (Male) |
| 0:05 | Crear | Villager (Male) |
| 1:40 | Crear | Villager (Male) |
| 2:34 | Crear | Villager (Male) |
| 2:35 | Crear | Villager (Male) |
| 2:35 | Crear | Villager (Male) |
| 2:44 | Construir | Lumber Camp |
| 3:29 | Crear | Villager (Male) |
| 3:29 | Crear | Villager (Male) |
| 4:00 | Crear | Villager (Male) |
| 4:00 | Crear | Villager (Male) |
| 4:18 | Crear | Villager (Male) |
| 5:07 | Construir | House |
| 5:19 | Crear | Villager (Male) |
| 5:20 | Crear | Villager (Male) |
| 5:43 | Crear | Villager (Male) |
| 6:00 | Construir | Mill |
| 6:32 | Construir | Palisade Wall |
| 6:50 | Crear | Villager (Male) |
| 7:17 | Investigar | Loom |
| 7:18 | Investigar | Feudal Age |
| 7:57 | Construir | House |
| 8:06 | Construir | Palisade Gate |
| 8:11 | Crear | Villager (Male) |
| 8:11 | Crear | Villager (Male) |
| 9:18 | Construir | Mining Camp |
| 10:07 | Edad | Edad Feudal |
| 10:12 | Crear | Villager (Male) |
| 10:14 | Construir | Farm |
| 10:34 | Construir | Farm |
| 10:36 | Construir | Farm |
| 10:41 | Crear | Villager (Male) |
| 10:48 | Construir | House |
| 10:50 | Construir | House |
| 10:52 | Construir | House |
| 10:59 | Construir | Farm |
| 11:07 | Construir | Farm |
| 11:29 | Construir | Farm |
| 11:37 | Construir | Farm |
| 11:47 | Investigar | Horse Collar |
| 11:49 | Crear | Villager (Male) |
| 11:51 | Crear | Villager (Male) |
| 11:54 | Construir | Farm |
| 12:23 | Crear | Villager (Male) |
| 12:23 | Crear | Villager (Male) |
| 12:26 | Construir | Farm |
| 12:30 | Construir | House |
| 12:32 | Construir | House |
| 13:15 | Construir | Farm |
| 13:16 | Crear | Villager (Male) |
| 13:21 | Construir | Farm |
| 13:30 | Construir | House |
| 13:35 | Construir | House |
| 13:46 | Construir | Farm |
| 13:55 | Crear | Villager (Male) |
| 13:55 | Crear | Villager (Male) |
| 13:55 | Crear | Villager (Male) |
| 14:08 | Construir | Farm |
| 14:17 | Crear | Villager (Male) |
| 14:21 | Construir | Farm |
| 14:35 | Construir | House |
| 14:38 | Crear | Villager (Male) |
| 14:57 | Crear | Villager (Male) |
| 15:15 | Construir | Blacksmith |
| 15:17 | Crear | Villager (Male) |
| 16:04 | Construir | Market |
| 16:08 | Crear | Villager (Male) |
| 16:15 | Crear | Villager (Male) |
| 16:40 | Construir | Lumber Camp |
| 16:56 | Construir | House |
| 17:09 | Investigar | Castle Age |
| 17:43 | Construir | House |
| 18:08 | Construir | Barracks |
| 18:28 | Crear | Villager (Male) |
| 18:29 | Crear | Villager (Male) |
| 18:35 | Construir | House |
| 19:34 | Construir | House |
| 19:55 | Edad | Edad de los Castillos |
| 19:59 | Construir | Barracks |
| 20:02 | Investigar | Squires |
| 20:04 | Investigar | Arson |
| 20:04 | Investigar | Gambesons |
| 20:05 | Investigar | Man-at-Arms (upgrade) |
| 20:10 | Construir | Town Center |
| 20:14 | Construir | Town Center |
| 20:36 | Construir | Stone Wall |
| 21:02 | Construir | Siege Workshop |
| 21:09 | Crear | Militia |
| 21:09 | Crear | Militia |
| 21:10 | Crear | Militia |
| 21:10 | Crear | Militia |
| 21:10 | Crear | Militia |
| 21:32 | Construir | Mining Camp |
| 21:34 | Crear | Villager (Male) |
| 21:34 | Crear | Villager (Male) |
| 21:34 | Crear | Villager (Male) |
| 21:35 | Crear | Villager (Male) |
| 21:40 | Crear | Villager (Male) |
| 21:40 | Crear | Villager (Male) |
| 21:40 | Crear | Villager (Male) |
| 21:41 | Crear | Villager (Male) |
| 21:41 | Crear | Villager (Male) |
| 21:43 | Crear | Villager (Male) |
| 21:43 | Crear | Villager (Male) |
| 21:46 | Investigar | Heavy Plow |
| 21:51 | Crear | Militia |
| 21:51 | Crear | Militia |
| 21:52 | Crear | Militia |
| 22:09 | Crear | Villager (Male) |
| 22:12 | Investigar | Wheelbarrow |
| 22:18 | Construir | Monastery |
| 22:23 | Construir | Gate |
| 22:31 | Crear | Villager (Male) |
| 22:31 | Crear | Villager (Male) |
| 22:46 | Construir | Farm |
| 22:46 | Construir | Farm |
| 22:46 | Construir | Farm |
| 22:46 | Construir | Farm |
| 22:46 | Construir | Farm |
| 22:51 | Crear | Villager (Male) |
| 22:52 | Crear | Villager (Male) |
| 22:52 | Crear | Villager (Male) |
| 23:06 | Construir | Farm |
| 23:08 | Crear | Monk |
| 23:17 | Construir | Farm |
| 23:23 | Crear | Villager (Male) |
| 23:23 | Crear | Villager (Male) |
| 23:23 | Crear | Villager (Male) |
| 23:23 | Crear | Villager (Male) |
| 23:24 | Crear | Villager (Male) |
| 23:29 | Construir | Farm |
| 23:34 | Construir | Farm |
| 23:40 | Construir | Farm |
| 23:43 | Crear | Villager (Male) |
| 23:43 | Crear | Villager (Male) |
| 23:55 | Crear | Monk |
| 23:58 | Construir | Farm |
| 23:58 | Construir | Farm |
| 24:00 | Crear | Villager (Male) |
| 24:03 | Crear | Villager (Male) |
| 24:10 | Construir | Farm |
| 24:14 | Construir | Farm |
| 24:15 | Crear | Villager (Male) |
| 24:15 | Crear | Villager (Male) |
| 24:19 | Construir | Farm |
| 24:23 | Construir | Farm |
Build order — NouShty
Primeras 150 de 362 acciones detectadas
| 0:07 | Construir | House |
| 0:15 | Construir | House |
| 0:16 | Crear | Villager (Male) |
| 0:16 | Crear | Villager (Male) |
| 0:16 | Crear | Villager (Male) |
| 0:17 | Crear | Villager (Male) |
| 1:46 | Crear | Villager (Male) |
| 2:11 | Construir | Lumber Camp |
| 2:20 | Crear | Villager (Male) |
| 2:20 | Crear | Villager (Male) |
| 3:04 | Crear | Villager (Male) |
| 4:10 | Crear | Villager (Male) |
| 4:10 | Crear | Villager (Male) |
| 4:23 | Crear | Villager (Male) |
| 4:38 | Construir | House |
| 5:09 | Construir | Mill |
| 5:23 | Investigar | Loom |
| 5:38 | Construir | Palisade Wall |
| 6:05 | Crear | Villager (Male) |
| 6:05 | Crear | Villager (Male) |
| 6:05 | Crear | Villager (Male) |
| 6:05 | Crear | Villager (Male) |
| 7:07 | Crear | Villager (Male) |
| 7:08 | Crear | Villager (Male) |
| 7:37 | Crear | Villager (Male) |
| 7:37 | Crear | Villager (Male) |
| 7:49 | Construir | House |
| 7:58 | Construir | Lumber Camp |
| 8:12 | Construir | House |
| 8:14 | Construir | House |
| 8:31 | Construir | Farm |
| 9:08 | Crear | Villager (Male) |
| 9:13 | Crear | Villager (Male) |
| 9:13 | Crear | Villager (Male) |
| 9:13 | Crear | Villager (Male) |
| 9:37 | Construir | Mining Camp |
| 9:59 | Construir | Mining Camp |
| 10:20 | Crear | Villager (Male) |
| 10:50 | Construir | Farm |
| 10:53 | Construir | Farm |
| 10:56 | Construir | Farm |
| 10:58 | Construir | Farm |
| 11:22 | Investigar | Feudal Age |
| 12:36 | Construir | Farm |
| 13:18 | Crear | Villager (Male) |
| 13:19 | Crear | Villager (Male) |
| 13:46 | Edad | Edad Feudal |
| 14:02 | Construir | Blacksmith |
| 14:10 | Construir | Market |
| 15:19 | Investigar | Castle Age |
| 15:50 | Construir | Barracks |
| 16:03 | Investigar | Double-Bit Axe |
| 16:25 | Construir | Palisade Gate |
| 16:57 | Construir | Archery Range |
| 17:00 | Construir | Archery Range |
| 17:17 | Investigar | Horse Collar |
| 17:59 | Edad | Edad de los Castillos |
| 18:08 | Construir | Town Center |
| 18:14 | Investigar | Wheelbarrow |
| 18:26 | Investigar | Crossbowman (upgrade) |
| 18:45 | Construir | Castle |
| 19:01 | Construir | Town Center |
| 19:28 | Crear | Villager (Male) |
| 19:28 | Crear | Villager (Male) |
| 19:45 | Construir | Mining Camp |
| 19:52 | Crear | Villager (Male) |
| 19:55 | Crear | Villager (Male) |
| 20:02 | Construir | Farm |
| 20:07 | Crear | Archer |
| 20:07 | Crear | Archer |
| 20:08 | Crear | Archer |
| 20:14 | Crear | Archer |
| 20:24 | Construir | Farm |
| 20:30 | Construir | Farm |
| 20:48 | Construir | Farm |
| 20:52 | Crear | Villager (Male) |
| 20:52 | Crear | Villager (Male) |
| 20:52 | Crear | Villager (Male) |
| 20:56 | Crear | Villager (Male) |
| 21:07 | Crear | Longbowman |
| 21:31 | Crear | Villager (Male) |
| 21:33 | Crear | Villager (Male) |
| 21:35 | Crear | Villager (Male) |
| 22:03 | Construir | Farm |
| 22:18 | Crear | Villager (Male) |
| 22:18 | Crear | Villager (Male) |
| 22:20 | Crear | Villager (Male) |
| 22:21 | Crear | Villager (Male) |
| 22:26 | Crear | Villager (Male) |
| 22:28 | Crear | Villager (Male) |
| 22:44 | Crear | Longbowman |
| 22:44 | Crear | Longbowman |
| 22:45 | Crear | Longbowman |
| 22:45 | Crear | Longbowman |
| 22:45 | Crear | Longbowman |
| 23:00 | Investigar | Gold Mining |
| 23:02 | Crear | Villager (Male) |
| 23:28 | Construir | Farm |
| 23:33 | Investigar | Fletching |
| 23:42 | Crear | Villager (Male) |
| 23:47 | Construir | Farm |
| 23:54 | Crear | Villager (Male) |
| 24:01 | Construir | Farm |
| 24:13 | Crear | Longbowman |
| 24:14 | Crear | Longbowman |
| 24:18 | Crear | Villager (Male) |
| 24:19 | Crear | Villager (Male) |
| 24:44 | Crear | Villager (Male) |
| 24:45 | Crear | Villager (Male) |
| 24:45 | Crear | Villager (Male) |
| 24:50 | Construir | Farm |
| 24:56 | Crear | Villager (Male) |
| 25:26 | Construir | Farm |
| 25:46 | Crear | Villager (Male) |
| 25:46 | Crear | Villager (Male) |
| 25:48 | Crear | Villager (Male) |
| 25:48 | Crear | Villager (Male) |
| 25:50 | Crear | Villager (Male) |
| 25:50 | Crear | Villager (Male) |
| 25:52 | Construir | House |
| 25:54 | Construir | House |
| 25:55 | Construir | House |
| 26:08 | Crear | Villager (Male) |
| 26:09 | Crear | Villager (Male) |
| 26:10 | Crear | Villager (Male) |
| 26:10 | Crear | Villager (Male) |
| 26:12 | Crear | Villager (Male) |
| 26:13 | Crear | Villager (Male) |
| 26:13 | Crear | Villager (Male) |
| 26:40 | Construir | Castle |
| 26:53 | Construir | Farm |
| 26:57 | Construir | Farm |
| 27:06 | Investigar | Heavy Plow |
| 27:09 | Crear | Villager (Male) |
| 27:29 | Investigar | Gold Shaft Mining |
| 27:34 | Construir | Farm |
| 27:38 | Construir | Farm |
| 27:40 | Construir | Farm |
| 27:48 | Construir | House |
| 27:50 | Construir | House |
| 28:11 | Construir | Farm |
| 28:13 | Crear | Villager (Male) |
| 28:13 | Crear | Villager (Male) |
| 28:17 | Investigar | Hand Cart |
| 28:21 | Crear | Villager (Male) |
| 28:24 | Construir | Farm |
| 28:27 | Construir | Farm |
| 28:33 | Construir | Farm |
| 28:43 | Investigar | Bow Saw |
| 28:49 | Construir | Lumber Camp |
Build order — Go up!
Primeras 150 de 345 acciones detectadas
| 0:02 | Construir | House |
| 0:04 | Construir | House |
| 0:04 | Crear | Villager (Male) ×4 |
| 1:32 | Crear | Villager (Male) |
| 2:06 | Construir | Lumber Camp |
| 2:09 | Crear | Villager (Male) |
| 2:33 | Crear | Villager (Male) |
| 2:51 | Crear | Villager (Male) |
| 2:51 | Crear | Villager (Male) |
| 3:25 | Crear | Villager (Male) |
| 3:26 | Crear | Villager (Male) |
| 3:41 | Crear | Villager (Male) |
| 3:58 | Construir | House |
| 4:00 | Construir | House |
| 4:07 | Crear | Villager (Male) |
| 4:08 | Crear | Villager (Male) |
| 4:59 | Crear | Villager (Male) |
| 4:59 | Crear | Villager (Male) |
| 5:28 | Construir | Mill |
| 5:33 | Crear | Villager (Male) |
| 5:33 | Crear | Villager (Male) |
| 6:49 | Crear | Villager (Male) |
| 6:50 | Crear | Villager (Male) |
| 7:06 | Construir | Farm |
| 7:06 | Construir | Farm |
| 7:39 | Crear | Villager (Male) |
| 7:39 | Crear | Villager (Male) |
| 8:09 | Crear | Villager (Male) |
| 8:25 | Construir | House |
| 8:26 | Construir | House |
| 8:44 | Crear | Villager (Male) |
| 8:44 | Crear | Villager (Male) |
| 8:58 | Investigar | Feudal Age |
| 9:30 | Construir | Lumber Camp |
| 9:42 | Crear | Villager (Male) |
| 9:42 | Crear | Villager (Male) |
| 10:03 | Construir | Barracks |
| 11:08 | Edad | Edad Feudal |
| 11:14 | Construir | Archery Range |
| 11:25 | Construir | Blacksmith |
| 12:14 | Investigar | Castle Age |
| 12:28 | Construir | Gate |
| 12:46 | Construir | Mining Camp |
| 12:55 | Investigar | Double-Bit Axe |
| 13:09 | Construir | Archery Range |
| 13:40 | Investigar | Horse Collar |
| 14:04 | Crear | Archer |
| 14:19 | Investigar | Fletching |
| 14:33 | Construir | House |
| 14:39 | Construir | House |
| 14:45 | Construir | House |
| 14:51 | Construir | House |
| 14:54 | Edad | Edad de los Castillos |
| 14:54 | Construir | House |
| 15:07 | Construir | Archery Range |
| 15:11 | Crear | Archer |
| 15:12 | Crear | Archer |
| 15:12 | Crear | Archer |
| 15:17 | Investigar | Crossbowman (upgrade) |
| 15:22 | Crear | Villager (Male) |
| 15:22 | Crear | Villager (Male) |
| 15:31 | Investigar | Bow Saw |
| 15:50 | Investigar | Bodkin Arrow |
| 15:59 | Crear | Villager (Male) |
| 16:07 | Construir | Siege Workshop |
| 16:09 | Crear | Archer |
| 16:16 | Construir | House |
| 16:18 | Construir | House |
| 16:27 | Crear | Villager (Male) |
| 16:32 | Crear | Archer |
| 16:32 | Crear | Archer |
| 16:42 | Construir | Farm |
| 16:42 | Construir | Farm |
| 16:42 | Construir | Farm |
| 16:43 | Construir | Farm |
| 16:43 | Construir | Farm |
| 16:47 | Construir | Farm |
| 16:57 | Crear | Archer |
| 17:10 | Crear | Archer |
| 17:18 | Crear | Villager (Male) |
| 17:18 | Crear | Villager (Male) |
| 17:26 | Crear | Archer |
| 17:50 | Construir | Farm |
| 17:50 | Construir | Farm |
| 17:50 | Construir | Farm |
| 17:51 | Construir | Farm |
| 17:51 | Construir | Farm |
| 17:54 | Investigar | Loom |
| 17:55 | Crear | Villager (Male) ×2 |
| 18:13 | Crear | Archer |
| 18:43 | Crear | Archer |
| 18:52 | Crear | Villager (Male) ×2 |
| 18:57 | Construir | University |
| 19:08 | Construir | Archery Range |
| 19:13 | Construir | House |
| 19:14 | Construir | House |
| 19:15 | Construir | House |
| 19:18 | Crear | Villager (Male) |
| 19:53 | Crear | Villager (Male) ×3 |
| 20:02 | Crear | Archer ×4 |
| 20:27 | Construir | Town Center |
| 21:34 | Crear | Archer ×5 |
| 21:36 | Investigar | Thumb Ring |
| 21:47 | Crear | Archer ×3 |
| 22:30 | Crear | Mangonel |
| 22:45 | Crear | Villager (Male) ×4 |
| 22:59 | Construir | Farm |
| 22:59 | Construir | Farm |
| 22:59 | Construir | Farm |
| 22:59 | Construir | Farm |
| 23:00 | Construir | Farm |
| 23:03 | Crear | Villager (Male) |
| 23:13 | Crear | Battering Ram |
| 23:28 | Construir | House |
| 23:29 | Construir | House |
| 23:31 | Crear | Villager (Male) ×2 |
| 23:49 | Crear | Archer ×5 |
| 23:59 | Crear | Archer ×2 |
| 24:10 | Investigar | Gold Mining |
| 24:20 | Crear | Battering Ram |
| 24:35 | Construir | House |
| 24:35 | Construir | House |
| 24:37 | Crear | Villager (Male) ×2 |
| 24:46 | Construir | House |
| 24:47 | Construir | House |
| 24:50 | Construir | House |
| 24:52 | Construir | House |
| 24:55 | Construir | House |
| 24:59 | Crear | Villager (Male) ×3 |
| 25:17 | Crear | Battering Ram |
| 25:28 | Crear | Battering Ram |
| 25:33 | Crear | Villager (Male) ×2 |
| 25:40 | Construir | House |
| 25:41 | Construir | House |
| 25:50 | Crear | Battering Ram |
| 26:01 | Crear | Villager (Male) ×3 |
| 26:23 | Construir | Farm |
| 26:23 | Construir | Farm |
| 26:24 | Construir | Farm |
| 26:24 | Construir | Farm |
| 26:24 | Construir | Farm |
| 26:25 | Construir | Farm |
| 26:47 | Construir | Mining Camp |
| 26:52 | Crear | Villager (Male) ×4 |
| 27:20 | Crear | Villager (Male) ×3 |
| 27:48 | Investigar | Ballistics |
| 27:49 | Investigar | Masonry |
| 28:28 | Investigar | Wheelbarrow |
| 28:39 | Construir | Castle |
| 28:49 | Crear | Villager (Male) ×3 |
Build order — AtillA_61
Primeras 150 de 391 acciones detectadas
| 0:02 | Crear | Villager (Male) ×4 |
| 0:03 | Investigar | Loom |
| 0:26 | Construir | House |
| 0:47 | Construir | House |
| 0:48 | Construir | House |
| 0:50 | Construir | House |
| 0:51 | Construir | House |
| 0:52 | Construir | House |
| 1:40 | Construir | House |
| 1:41 | Construir | House |
| 1:45 | Construir | House |
| 1:51 | Construir | Palisade Wall |
| 1:55 | Construir | Palisade Gate |
| 2:14 | Crear | Villager (Male) |
| 2:35 | Crear | Villager (Male) |
| 2:55 | Crear | Villager (Male) |
| 3:22 | Crear | Villager (Male) |
| 3:40 | Crear | Villager (Male) |
| 3:54 | Construir | Palisade Wall |
| 4:06 | Crear | Villager (Male) |
| 4:21 | Crear | Villager (Male) |
| 4:21 | Crear | Villager (Male) |
| 4:37 | Construir | Palisade Wall |
| 4:52 | Crear | Villager (Male) |
| 4:54 | Crear | Villager (Male) |
| 5:39 | Crear | Villager (Male) |
| 5:39 | Crear | Villager (Male) |
| 6:40 | Crear | Villager (Male) |
| 7:02 | Construir | Mill |
| 7:16 | Crear | Villager (Male) |
| 7:33 | Crear | Villager (Male) |
| 7:55 | Construir | Lumber Camp |
| 8:15 | Crear | Villager (Male) |
| 8:50 | Construir | Farm |
| 8:57 | Investigar | Feudal Age |
| 9:25 | Construir | Mining Camp |
| 9:36 | Crear | Villager (Male) |
| 9:36 | Crear | Villager (Male) |
| 10:34 | Construir | Barracks |
| 10:47 | Construir | House |
| 10:48 | Construir | House |
| 10:51 | Construir | House |
| 10:52 | Construir | House |
| 10:53 | Construir | House |
| 11:07 | Edad | Edad Feudal |
| 11:09 | Construir | Farm |
| 11:12 | Investigar | Double-Bit Axe |
| 11:19 | Crear | Villager (Male) |
| 11:22 | Crear | Villager (Male) |
| 11:34 | Investigar | Horse Collar |
| 12:08 | Construir | Lumber Camp |
| 12:23 | Crear | Villager (Male) |
| 12:23 | Crear | Villager (Male) |
| 12:48 | Crear | Villager (Male) |
| 13:15 | Construir | Blacksmith |
| 13:20 | Construir | Mining Camp |
| 13:23 | Crear | Villager (Male) |
| 13:33 | Construir | Farm |
| 13:43 | Construir | Farm |
| 13:58 | Construir | Market |
| 14:15 | Crear | Villager (Male) |
| 14:17 | Crear | Villager (Male) |
| 14:30 | Construir | Farm |
| 14:56 | Construir | Farm |
| 14:59 | Crear | Villager (Male) |
| 15:23 | Construir | Farm |
| 15:28 | Crear | Villager (Male) |
| 15:34 | Construir | Farm |
| 15:39 | Construir | Farm |
| 15:50 | Construir | Barracks |
| 15:53 | Construir | Farm |
| 16:01 | Crear | Villager (Male) |
| 16:07 | Construir | Farm |
| 16:18 | Construir | Farm |
| 16:24 | Construir | Farm |
| 16:30 | Crear | Villager (Male) |
| 16:35 | Construir | Farm |
| 16:44 | Construir | Farm |
| 16:56 | Crear | Villager (Male) |
| 17:01 | Construir | Farm |
| 17:17 | Construir | Archery Range |
| 17:27 | Crear | Villager (Male) |
| 17:54 | Investigar | Castle Age |
| 18:04 | Crear | Spearman |
| 18:04 | Crear | Spearman |
| 18:09 | Construir | Archery Range |
| 18:39 | Investigar | Man-at-Arms (upgrade) |
| 18:41 | Crear | Spearman |
| 18:57 | Investigar | Forging |
| 19:14 | Construir | House |
| 19:15 | Construir | House |
| 19:15 | Construir | House |
| 19:16 | Construir | House |
| 19:54 | Crear | Villager (Male) |
| 19:55 | Investigar | Wheelbarrow |
| 20:00 | Investigar | Scale Mail Armor |
| 20:19 | Investigar | Stone Mining |
| 20:34 | Edad | Edad de los Castillos |
| 20:48 | Construir | Town Center |
| 21:03 | Construir | Town Center |
| 21:16 | Crear | Skirmisher ×5 |
| 21:25 | Investigar | Bow Saw |
| 21:40 | Crear | Villager (Male) |
| 21:40 | Crear | Villager (Male) |
| 21:46 | Crear | Skirmisher |
| 21:57 | Crear | Villager (Male) |
| 22:12 | Crear | Skirmisher |
| 22:12 | Crear | Skirmisher |
| 22:18 | Construir | House |
| 22:20 | Construir | House |
| 22:21 | Construir | House |
| 22:28 | Crear | Villager (Male) ×2 |
| 22:32 | Construir | Farm |
| 22:44 | Crear | Villager (Male) |
| 22:53 | Crear | Skirmisher |
| 22:54 | Crear | Skirmisher |
| 23:02 | Construir | Archery Range |
| 23:05 | Crear | Skirmisher |
| 23:05 | Crear | Skirmisher |
| 23:12 | Crear | Villager (Male) |
| 23:13 | Crear | Villager (Male) |
| 23:13 | Crear | Villager (Male) |
| 23:17 | Construir | Farm |
| 23:19 | Construir | Farm |
| 23:38 | Crear | Villager (Male) |
| 23:39 | Crear | Villager (Male) |
| 23:39 | Crear | Villager (Male) |
| 23:58 | Investigar | Elite Skirmisher (upgrade) |
| 24:09 | Construir | Farm |
| 24:57 | Construir | Archery Range |
| 24:59 | Crear | Skirmisher |
| 25:23 | Crear | Villager (Male) ×5 |
| 25:30 | Construir | Palisade Wall |
| 25:34 | Construir | Palisade Gate |
| 25:42 | Crear | Skirmisher |
| 25:49 | Crear | Villager (Male) |
| 25:57 | Investigar | Gold Mining |
| 25:59 | Crear | Villager (Male) |
| 26:00 | Crear | Villager (Male) |
| 26:16 | Construir | Town Center |
| 26:26 | Construir | Farm |
| 26:28 | Investigar | Heavy Plow |
| 26:31 | Construir | Farm |
| 26:34 | Construir | Farm |
| 26:37 | Construir | Farm |
| 26:41 | Construir | Farm |
| 26:48 | Crear | Villager (Male) |
| 26:48 | Crear | Villager (Male) |
| 26:49 | Crear | Villager (Male) |
| 27:16 | Investigar | Long Swordsman (upgrade) |
Build order — 123
Primeras 150 de 366 acciones detectadas
| 0:01 | Crear | Villager (Male) |
| 0:01 | Crear | Villager (Male) |
| 0:01 | Crear | Villager (Male) |
| 0:02 | Crear | Villager (Male) |
| 0:02 | Crear | Villager (Male) |
| 0:04 | Construir | House |
| 0:06 | Construir | House |
| 1:45 | Crear | Villager (Male) |
| 2:14 | Crear | Villager (Male) |
| 2:14 | Crear | Villager (Male) |
| 2:21 | Construir | Lumber Camp |
| 2:53 | Crear | Villager (Male) |
| 3:29 | Crear | Villager (Male) |
| 3:30 | Crear | Villager (Male) |
| 3:59 | Crear | Villager (Male) |
| 3:59 | Crear | Villager (Male) |
| 4:22 | Construir | House |
| 4:31 | Construir | Palisade Wall |
| 4:34 | Crear | Villager (Male) |
| 4:41 | Construir | Mill |
| 4:50 | Crear | Villager (Male) |
| 4:51 | Crear | Villager (Male) |
| 4:51 | Crear | Villager (Male) |
| 5:09 | Construir | Palisade Gate |
| 5:29 | Construir | Palisade Gate |
| 5:37 | Construir | Palisade Wall |
| 5:40 | Crear | Villager (Male) |
| 5:40 | Crear | Villager (Male) |
| 6:22 | Crear | Villager (Male) |
| 6:33 | Crear | Villager (Male) |
| 6:34 | Crear | Villager (Male) |
| 6:38 | Construir | House |
| 7:38 | Construir | House |
| 7:41 | Construir | House |
| 7:56 | Crear | Villager (Male) |
| 7:58 | Crear | Villager (Male) |
| 8:18 | Construir | Mining Camp |
| 8:52 | Construir | House |
| 8:54 | Construir | House |
| 9:01 | Investigar | Feudal Age |
| 9:46 | Construir | Farm |
| 9:47 | Construir | Farm |
| 10:16 | Crear | Villager (Male) |
| 10:16 | Crear | Villager (Male) |
| 10:17 | Crear | Villager (Male) |
| 10:34 | Construir | Farm |
| 10:39 | Construir | Farm |
| 10:51 | Construir | Farm |
| 11:11 | Edad | Edad Feudal |
| 11:57 | Construir | Blacksmith |
| 12:07 | Crear | Villager (Male) |
| 12:08 | Crear | Villager (Male) |
| 12:32 | Crear | Villager (Male) |
| 12:51 | Construir | Market |
| 13:30 | Investigar | Loom |
| 13:58 | Investigar | Castle Age |
| 14:41 | Construir | Barracks |
| 14:58 | Investigar | Double-Bit Axe |
| 15:06 | Investigar | Horse Collar |
| 15:28 | Construir | Lumber Camp |
| 15:55 | Construir | Archery Range |
| 16:06 | Construir | Archery Range |
| 16:11 | Construir | Farm |
| 16:25 | Construir | Farm |
| 16:29 | Construir | Farm |
| 16:29 | Construir | Farm |
| 16:43 | Crear | Villager (Male) |
| 16:45 | Investigar | Town Watch |
| 16:46 | Edad | Edad de los Castillos |
| 16:49 | Investigar | Wheelbarrow |
| 16:50 | Crear | Villager (Male) |
| 17:16 | Construir | Town Center |
| 17:24 | Crear | Unit 1952 |
| 17:42 | Crear | Unit 1952 |
| 17:43 | Crear | Unit 1952 |
| 17:50 | Crear | Villager (Male) |
| 18:06 | Investigar | Fletching |
| 18:22 | Investigar | Padded Archer Armor |
| 18:31 | Crear | Unit 1952 |
| 18:31 | Crear | Unit 1952 |
| 18:32 | Crear | Unit 1952 |
| 18:32 | Crear | Unit 1952 |
| 18:53 | Crear | Villager (Male) |
| 18:58 | Construir | Farm |
| 19:05 | Crear | Unit 1952 |
| 19:06 | Crear | Unit 1952 |
| 19:07 | Crear | Unit 1952 |
| 19:23 | Crear | Villager (Male) |
| 19:32 | Crear | Villager (Male) |
| 19:52 | Crear | Villager (Male) |
| 19:58 | Crear | Unit 1952 |
| 19:59 | Crear | Unit 1952 |
| 19:59 | Crear | Unit 1952 |
| 20:10 | Crear | Villager (Male) |
| 20:12 | Crear | Villager (Male) |
| 20:17 | Construir | House |
| 20:19 | Construir | House |
| 20:20 | Construir | House |
| 21:38 | Crear | Villager (Male) |
| 21:39 | Crear | Villager (Male) |
| 21:41 | Crear | Villager (Male) |
| 21:50 | Construir | Farm |
| 21:50 | Construir | Farm |
| 21:50 | Construir | Farm |
| 21:51 | Construir | Farm |
| 21:51 | Construir | Farm |
| 21:52 | Construir | Farm |
| 21:53 | Construir | Farm |
| 21:54 | Construir | Farm |
| 21:57 | Construir | Farm |
| 21:57 | Construir | Farm |
| 21:58 | Construir | Farm |
| 22:02 | Construir | Farm |
| 22:02 | Construir | Farm |
| 22:02 | Construir | Farm |
| 22:14 | Crear | Villager (Male) |
| 22:14 | Crear | Villager (Male) |
| 22:15 | Crear | Villager (Male) |
| 22:15 | Crear | Villager (Male) |
| 23:00 | Construir | Gate |
| 23:06 | Construir | Stone Wall |
| 23:10 | Construir | Stone Wall |
| 23:12 | Construir | Stone Wall |
| 24:01 | Crear | Villager (Male) |
| 24:01 | Crear | Villager (Male) |
| 24:02 | Crear | Villager (Male) |
| 24:02 | Crear | Villager (Male) |
| 24:37 | Crear | Villager (Male) |
| 24:38 | Crear | Villager (Male) |
| 24:40 | Investigar | Hand Cart |
| 24:44 | Investigar | Thumb Ring |
| 25:45 | Crear | Unit 1952 |
| 25:45 | Crear | Unit 1952 |
| 25:45 | Crear | Unit 1952 |
| 25:45 | Crear | Unit 1952 |
| 25:46 | Crear | Unit 1952 |
| 25:46 | Crear | Unit 1952 |
| 25:46 | Crear | Unit 1952 |
| 25:46 | Crear | Unit 1952 |
| 25:47 | Crear | Unit 1952 |
| 25:47 | Crear | Unit 1952 |
| 25:47 | Crear | Unit 1952 |
| 25:47 | Crear | Unit 1952 |
| 25:48 | Crear | Unit 1952 |
| 25:48 | Crear | Unit 1952 |
| 25:48 | Crear | Unit 1952 |
| 25:48 | Crear | Unit 1952 |
| 25:48 | Crear | Unit 1952 |
| 25:49 | Crear | Unit 1952 |
| 25:49 | Crear | Unit 1952 |
Build order — dfsdfsdaa3
Primeras 150 de 294 acciones detectadas
| 0:01 | Crear | Villager (Male) |
| 0:02 | Construir | House |
| 0:06 | Construir | House |
| 0:28 | Crear | Villager (Male) |
| 0:40 | Crear | Villager (Male) |
| 0:41 | Crear | Villager (Male) |
| 1:31 | Crear | Villager (Male) |
| 1:56 | Construir | Lumber Camp |
| 2:02 | Crear | Villager (Male) |
| 2:13 | Crear | Villager (Male) |
| 2:39 | Construir | House |
| 2:43 | Construir | House |
| 2:47 | Crear | Villager (Male) |
| 2:59 | Crear | Villager (Male) |
| 3:23 | Crear | Villager (Male) |
| 3:28 | Crear | Villager (Male) |
| 4:44 | Crear | Villager (Male) |
| 4:57 | Construir | House |
| 5:02 | Construir | Palisade Wall |
| 5:35 | Construir | Palisade Wall |
| 5:43 | Construir | Palisade Gate |
| 6:41 | Crear | Villager (Male) |
| 6:44 | Crear | Villager (Male) |
| 7:11 | Construir | Mill |
| 7:39 | Crear | Villager (Male) |
| 7:54 | Crear | Villager (Male) |
| 8:04 | Investigar | Feudal Age |
| 9:11 | Crear | Villager (Male) |
| 10:01 | Construir | Mining Camp |
| 10:17 | Crear | Villager (Male) |
| 10:28 | Crear | Villager (Male) |
| 10:42 | Investigar | Double-Bit Axe |
| 11:15 | Investigar | Horse Collar |
| 11:27 | Crear | Villager (Male) |
| 11:42 | Construir | Farm |
| 11:53 | Construir | Farm |
| 11:54 | Construir | Farm |
| 11:54 | Construir | Farm |
| 11:55 | Construir | Farm |
| 12:00 | Construir | Farm |
| 12:11 | Crear | Villager (Male) |
| 12:12 | Crear | Villager (Male) |
| 12:33 | Construir | Farm |
| 12:38 | Construir | Farm |
| 12:48 | Crear | Villager (Male) |
| 13:10 | Construir | Market |
| 13:16 | Crear | Villager (Male) |
| 13:36 | Crear | Villager (Male) |
| 13:41 | Construir | Blacksmith |
| 14:16 | Investigar | Loom |
| 14:31 | Construir | House |
| 15:00 | Crear | Villager (Male) |
| 15:22 | Investigar | Castle Age |
| 15:43 | Construir | Barracks |
| 16:05 | Crear | Villager (Male) |
| 16:24 | Construir | House |
| 16:26 | Construir | House |
| 16:51 | Construir | Archery Range |
| 17:06 | Investigar | Fletching |
| 17:15 | Construir | Archery Range |
| 17:20 | Crear | Villager (Male) |
| 18:07 | Investigar | Crossbowman (upgrade) |
| 18:15 | Crear | Villager (Male) |
| 18:23 | Construir | Farm |
| 18:25 | Investigar | Bow Saw |
| 18:27 | Investigar | Heavy Plow |
| 18:33 | Construir | Farm |
| 18:38 | Crear | Villager (Male) |
| 18:46 | Crear | Archer |
| 18:46 | Crear | Archer |
| 18:52 | Crear | Villager (Male) |
| 18:55 | Investigar | Gold Mining |
| 19:02 | Construir | Farm |
| 19:17 | Crear | Villager (Male) |
| 19:25 | Construir | Mining Camp |
| 19:29 | Crear | Archer |
| 20:08 | Crear | Archer |
| 20:08 | Crear | Archer |
| 20:26 | Crear | Villager (Male) |
| 20:27 | Crear | Villager (Male) |
| 20:39 | Crear | Archer |
| 20:39 | Crear | Archer |
| 21:09 | Crear | Spearman ×5 |
| 21:13 | Crear | Archer |
| 21:13 | Crear | Archer |
| 21:14 | Crear | Archer |
| 21:14 | Crear | Archer |
| 21:31 | Investigar | Padded Archer Armor |
| 21:41 | Construir | University |
| 22:47 | Crear | Archer ×5 |
| 23:18 | Construir | House |
| 23:21 | Construir | House |
| 23:22 | Construir | House |
| 23:24 | Construir | House |
| 23:40 | Construir | Palisade Wall |
| 23:44 | Crear | Archer |
| 23:44 | Crear | Archer |
| 23:52 | Crear | Villager (Male) |
| 23:53 | Crear | Villager (Male) |
| 23:53 | Crear | Villager (Male) |
| 24:10 | Investigar | Ballistics |
| 24:21 | Crear | Villager (Male) |
| 24:21 | Crear | Villager (Male) |
| 24:50 | Construir | Mining Camp |
| 24:58 | Crear | Villager (Male) |
| 25:03 | Construir | Farm |
| 25:05 | Crear | Villager (Male) |
| 25:11 | Crear | Archer |
| 25:11 | Crear | Archer |
| 25:34 | Construir | Farm |
| 25:34 | Construir | Farm |
| 25:37 | Crear | Villager (Male) |
| 25:49 | Crear | Archer |
| 25:49 | Crear | Archer |
| 26:00 | Investigar | Bodkin Arrow |
| 26:15 | Construir | Farm |
| 26:18 | Crear | Villager (Male) |
| 26:22 | Crear | Archer |
| 26:49 | Construir | Farm |
| 27:16 | Construir | House |
| 27:29 | Investigar | Wheelbarrow |
| 27:39 | Crear | Villager (Male) |
| 29:00 | Crear | Spearman ×5 |
| 29:23 | Construir | Town Center |
| 29:25 | Crear | Villager (Male) |
| 29:25 | Crear | Villager (Male) |
| 29:26 | Crear | Villager (Male) |
| 29:44 | Construir | Castle |
| 30:10 | Crear | Spearman |
| 30:11 | Crear | Spearman |
| 30:13 | Crear | Archer |
| 30:14 | Crear | Archer |
| 30:46 | Investigar | Pikeman (upgrade) |
| 30:47 | Investigar | Squires |
| 30:51 | Investigar | Leather Archer Armor |
| 30:52 | Investigar | Forging |
| 30:52 | Investigar | Scale Mail Armor |
| 30:58 | Crear | Archer |
| 30:58 | Crear | Archer |
| 30:59 | Crear | Archer |
| 30:59 | Crear | Archer |
| 31:03 | Construir | House |
| 31:04 | Construir | House |
| 31:04 | Construir | House |
| 31:05 | Construir | House |
| 31:10 | Crear | Villager (Male) |
| 31:11 | Crear | Villager (Male) |
| 31:23 | Crear | Longbowman |
| 31:23 | Crear | Longbowman |
| 31:24 | Crear | Longbowman |
Build order — mnich_bor
Primeras 150 de 280 acciones detectadas
| 0:02 | Crear | Villager (Male) ×4 |
| 0:03 | Crear | Villager (Male) ×4 |
| 0:09 | Construir | House |
| 0:49 | Construir | House |
| 0:52 | Construir | House |
| 0:54 | Construir | House |
| 1:42 | Crear | Villager (Male) |
| 1:42 | Crear | Villager (Male) |
| 1:42 | Crear | Villager (Male) |
| 1:43 | Investigar | Loom |
| 2:14 | Construir | Palisade Gate |
| 2:24 | Construir | Palisade Wall |
| 2:30 | Crear | Villager (Male) |
| 2:30 | Crear | Villager (Male) |
| 2:49 | Crear | Villager (Male) |
| 3:02 | Crear | Villager (Male) |
| 3:02 | Crear | Villager (Male) |
| 3:32 | Crear | Villager (Male) |
| 3:32 | Crear | Villager (Male) |
| 3:48 | Crear | Villager (Male) |
| 3:49 | Crear | Villager (Male) |
| 3:49 | Crear | Villager (Male) |
| 4:07 | Construir | House |
| 4:13 | Crear | Villager (Male) |
| 4:44 | Crear | Villager (Male) |
| 4:44 | Crear | Villager (Male) |
| 5:15 | Crear | Villager (Male) |
| 5:15 | Crear | Villager (Male) |
| 5:15 | Crear | Villager (Male) |
| 6:03 | Crear | Villager (Male) ×2 |
| 6:56 | Construir | Mill |
| 7:01 | Crear | Villager (Male) |
| 7:01 | Crear | Villager (Male) |
| 7:01 | Crear | Villager (Male) |
| 7:02 | Crear | Villager (Male) |
| 7:02 | Crear | Villager (Male) |
| 7:03 | Crear | Villager (Male) |
| 7:04 | Crear | Villager (Male) |
| 7:16 | Crear | Villager (Male) |
| 8:04 | Construir | Lumber Camp |
| 9:22 | Crear | Villager (Male) ×5 |
| 9:45 | Construir | Farm |
| 9:45 | Construir | Farm |
| 9:47 | Construir | Farm |
| 9:53 | Construir | Farm |
| 10:10 | Construir | House |
| 10:13 | Construir | House |
| 10:14 | Construir | House |
| 11:13 | Investigar | Feudal Age |
| 11:26 | Construir | Barracks |
| 11:38 | Crear | Villager (Male) |
| 11:40 | Investigar | Feudal Age |
| 12:30 | Construir | Mining Camp |
| 13:03 | Construir | Farm |
| 13:05 | Construir | Farm |
| 13:07 | Construir | Farm |
| 13:13 | Construir | Farm |
| 13:38 | Construir | Farm |
| 14:04 | Construir | Farm |
| 14:13 | Crear | Villager (Male) |
| 14:13 | Crear | Villager (Male) |
| 14:14 | Crear | Villager (Male) |
| 14:43 | Edad | Edad Feudal |
| 14:44 | Construir | Lumber Camp |
| 14:48 | Investigar | Horse Collar |
| 15:15 | Crear | Villager (Male) |
| 15:36 | Construir | Archery Range |
| 15:50 | Crear | Villager (Male) |
| 15:50 | Crear | Villager (Male) |
| 16:07 | Construir | Blacksmith |
| 16:12 | Construir | Mining Camp |
| 16:19 | Crear | Villager (Male) |
| 16:19 | Crear | Villager (Male) |
| 16:56 | Investigar | Castle Age |
| 17:13 | Crear | Skirmisher |
| 17:13 | Crear | Skirmisher |
| 17:15 | Crear | Skirmisher |
| 17:16 | Crear | Skirmisher |
| 17:20 | Investigar | Padded Archer Armor |
| 17:32 | Investigar | Fletching |
| 17:38 | Crear | Skirmisher |
| 17:51 | Investigar | Stone Mining |
| 17:55 | Crear | Villager (Male) |
| 17:55 | Crear | Villager (Male) |
| 18:06 | Construir | Farm |
| 18:07 | Construir | Farm |
| 18:10 | Construir | Farm |
| 18:20 | Crear | Skirmisher |
| 18:21 | Crear | Skirmisher |
| 18:42 | Crear | Skirmisher |
| 18:50 | Construir | House |
| 18:56 | Construir | House |
| 19:09 | Construir | Gate |
| 20:25 | Crear | Skirmisher |
| 20:25 | Crear | Skirmisher |
| 20:43 | Edad | Edad de los Castillos |
| 20:46 | Investigar | Elite Skirmisher (upgrade) |
| 22:16 | Crear | Villager (Male) ×5 |
| 22:24 | Construir | Castle |
| 22:37 | Crear | Skirmisher |
| 22:38 | Crear | Skirmisher |
| 22:44 | Construir | Town Center |
| 23:40 | Construir | Stone Wall |
| 23:45 | Construir | Gate |
| 24:13 | Crear | Villager (Male) |
| 24:14 | Crear | Villager (Male) |
| 24:19 | Construir | Farm |
| 24:32 | Construir | Town Center |
| 24:43 | Construir | Farm |
| 24:46 | Investigar | Heavy Plow |
| 24:55 | Construir | Stone Wall |
| 25:19 | Construir | Farm |
| 25:25 | Crear | Villager (Male) ×5 |
| 25:31 | Investigar | Gold Mining |
| 25:39 | Crear | Villager (Male) |
| 25:39 | Crear | Villager (Male) |
| 25:39 | Crear | Villager (Male) |
| 25:40 | Crear | Villager (Male) |
| 25:48 | Construir | Town Center |
| 26:19 | Crear | Villager (Male) |
| 26:19 | Crear | Villager (Male) |
| 26:19 | Crear | Villager (Male) |
| 26:20 | Crear | Villager (Male) |
| 26:46 | Construir | Farm |
| 26:47 | Construir | Farm |
| 26:49 | Construir | Farm |
| 26:56 | Construir | Farm |
| 27:18 | Construir | Town Center |
| 27:22 | Crear | Arambai |
| 28:44 | Crear | Villager (Male) ×5 |
| 28:48 | Crear | Villager (Male) ×5 |
| 29:12 | Crear | Spearman |
| 29:12 | Crear | Spearman |
| 29:12 | Crear | Spearman |
| 29:26 | Construir | Farm |
| 29:31 | Crear | Villager (Male) ×5 |
| 29:41 | Construir | Farm |
| 29:42 | Construir | Farm |
| 29:43 | Construir | Farm |
| 29:44 | Construir | Farm |
| 29:46 | Construir | Farm |
| 30:09 | Construir | Farm |
| 30:11 | Construir | Farm |
| 30:12 | Construir | Farm |
| 30:15 | Construir | Farm |
| 30:23 | Crear | Villager (Male) ×5 |
| 30:40 | Construir | Stable |
| 30:42 | Construir | Stable |
| 30:48 | Construir | Stable |
| 31:07 | Crear | Villager (Male) ×5 |
Cronología de la partida
| 1:51 | AtillA_61 · wall_segment Palisade Wall x8 |
| 2:24 | mnich_bor · wall_segment Palisade Wall x11 |
| 3:16 | viperembobym · wall_segment Palisade Wall x9 |
| 3:54 | AtillA_61 · wall_segment Palisade Wall x4 |
| 4:31 | 123 · wall_segment Palisade Wall x1 |
| 4:37 | AtillA_61 · wall_segment Palisade Wall x3 |
| 5:02 | dfsdfsdaa3 · wall_segment Palisade Wall x7 |
| 5:35 | dfsdfsdaa3 · wall_segment Palisade Wall x9 |
| 5:37 | 123 · wall_segment Palisade Wall x7 |
| 5:38 | NouShty · wall_segment Palisade Wall x12 |
| 6:32 | ramorez · wall_segment Palisade Wall x13 |
| 10:03 | Go up! · first_building Barracks |
| 10:07 | ramorez · age_up feudal |
| 10:34 | AtillA_61 · first_building Barracks |
| 11:07 | AtillA_61 · age_up feudal |
| 11:08 | Go up! · age_up feudal |
| 11:11 | 123 · age_up feudal |
| 11:14 | Go up! · first_building Archery Range |
| 11:26 | mnich_bor · first_building Barracks |
| 12:53 | viperembobym · age_up feudal |
| 13:29 | viperembobym · first_building Barracks |
| 13:46 | NouShty · age_up feudal |
| 14:41 | 123 · first_building Barracks |
| 14:43 | mnich_bor · age_up feudal |
| 14:54 | Go up! · age_up castle |
| 15:36 | mnich_bor · first_building Archery Range |
| 15:38 | viperembobym · first_building Stable |
| 15:43 | dfsdfsdaa3 · first_building Barracks |
| 15:50 | NouShty · first_building Barracks |
| 15:55 | 123 · first_building Archery Range |
| 16:07 | Go up! · first_building Siege Workshop |
| 16:46 | 123 · age_up castle |
| 16:51 | dfsdfsdaa3 · first_building Archery Range |
| 16:57 | NouShty · first_building Archery Range |
| 17:17 | AtillA_61 · first_building Archery Range |
| 17:42 | viperembobym · age_up castle |
| 17:59 | NouShty · age_up castle |
| 18:08 | ramorez · first_building Barracks |
| 18:45 | NouShty · first_building Castle |
| 19:55 | ramorez · age_up castle |
| 20:33 | ramorez · first_market_buy 100 stone |
| 20:34 | AtillA_61 · age_up castle |
| 20:36 | ramorez · wall_segment Stone Wall x5 |
| 20:43 | mnich_bor · age_up castle |
| 21:02 | ramorez · first_building Siege Workshop |
| 22:18 | ramorez · first_building Monastery |
| 22:24 | mnich_bor · first_building Castle |
| 23:06 | 123 · wall_segment Stone Wall x2 |
| 23:10 | 123 · wall_segment Stone Wall x3 |
| 23:12 | 123 · wall_segment Stone Wall x2 |
| 23:40 | dfsdfsdaa3 · wall_segment Palisade Wall x1 |
| 23:40 | mnich_bor · wall_segment Stone Wall x4 |
| 24:55 | mnich_bor · wall_segment Stone Wall x7 |
| 25:30 | AtillA_61 · wall_segment Palisade Wall x11 |
| 26:04 | NouShty · first_market_sell 100 wood |
| 26:07 | NouShty · first_market_buy 100 food |
| 28:17 | AtillA_61 · first_building Siege Workshop |
| 28:20 | 123 · first_building Siege Workshop |
| 28:39 | Go up! · first_building Castle |
| 29:04 | AtillA_61 · first_building Castle |
| 29:43 | AtillA_61 · first_market_sell 100 food |
| 29:44 | dfsdfsdaa3 · first_building Castle |
| 30:25 | viperembobym · first_building Monastery |
| 30:40 | mnich_bor · first_building Stable |
| 31:39 | dfsdfsdaa3 · first_building Monastery |
| 31:46 | ramorez · first_building Castle |
| 32:21 | viperembobym · first_building Castle |
| 32:51 | 123 · first_market_buy 100 stone |
| 34:33 | NouShty · age_up imperial |
| 34:35 | Go up! · age_up imperial |
| 34:40 | 123 · first_building Monastery |
| 34:47 | dfsdfsdaa3 · wall_segment Palisade Wall x3 |
| 34:50 | 123 · first_building Castle |
| 34:50 | dfsdfsdaa3 · wall_segment Palisade Wall x5 |
| 34:52 | dfsdfsdaa3 · wall_segment Palisade Wall x5 |
| 34:53 | dfsdfsdaa3 · wall_segment Palisade Wall x4 |
| 35:20 | viperembobym · age_up imperial |
| 35:38 | AtillA_61 · age_up imperial |
| 35:44 | mnich_bor · age_up imperial |
| 36:24 | Go up! · first_market_sell 100 food |
| 36:36 | ramorez · age_up imperial |
| 38:36 | dfsdfsdaa3 · first_market_sell 100 food |
| 39:46 | ramorez · first_building Archery Range |
| 41:22 | dfsdfsdaa3 · first_building Siege Workshop |
| 42:41 | 123 · first_market_sell 100 food |
| 45:52 | ramorez · first_building Stable |
| 46:00 | 123 · age_up imperial |
| 49:03 | Go up! · first_market_buy 100 wood |
| 52:41 | AtillA_61 · tribute_sent a jugador 1 |
| 52:41 | AtillA_61 · tribute_sent a jugador 2 |
| 52:41 | AtillA_61 · tribute_sent a jugador 3 |
| 52:41 | AtillA_61 · tribute_sent a jugador 4 |
| 52:41 | AtillA_61 · tribute_sent a jugador 6 |
| 52:41 | AtillA_61 · tribute_sent a jugador 7 |
| 52:41 | AtillA_61 · tribute_sent a jugador 8 |
| 54:20 | viperembobym · first_market_sell 500 stone |
| 54:27 | NouShty · resign |
[ ANÁLISIS IA · 1 CRÉDITO ]
¿Qué pasó realmente en esta partida?
Wolo.gg analiza cada decisión: build order, eco, micro, errores típicos por bracket. Análisis personalizado por WhatsApp o Discord en 30 segundos.
Guía civ
Teutones
Perfil
Jugador #14930550